 Dungeon Sprint DCSS version 0.24.0-123-gd5b16e6ec5 (webtiles) character file.

Game seed: 10181143442493880580, levelgen mode: deterministic

69716 Groucho the Tortoise (level 15, -2/112 HPs)
             Began as a Gargoyle Fighter on Dec 28, 2019.
             Was the Champion of Qazlal.
             Shot themself with a blast of ice (17 damage)
             ... in the Dungeon (Sprint VII: "The Pits").
             The game lasted 00:21:54 (4135 turns).

Groucho the Tortoise (Gargoyle Fighter)             Turns: 4135, Time: 00:21:55

Health: -2/112     AC: 46    Str: 26    XL:     15   Next: 30%
Magic:  9/28       EV:  8    Int:  9    God:    Qazlal [******]
Gold:   43         SH: 24    Dex:  9    Spells: 14/14 levels left

rFire    . . .     SeeInvis .   s - +9 broad axe
rCold    . . .     Gourm    .   c - +0 shield
rNeg     + . .     Faith    .   J - +5 plate armour
rPois    ∞         Spirit   .   K - +1 helmet
rElec    +         Reflect  .   L - +1 cloak {MR+}
rCorr    .         Harm     .   x - +0 pair of gloves
MR       ++...     NoTele   +   H - +1 pair of boots
Stlth    ..........             (no amulet)
HPRegen  0.28/turn              (no ring)
MPRegen  0.21/turn              (no ring)

@: protected from electricity, repel missiles
A: big wings, negative energy resistance 1, electricity resistance, unbreathing,
petrification resistance, rot immunity, AC +11
a: Fly, Upheaval, Elemental Force, Disaster Area, Renounce Religion


You were in the Dungeon.
You worshipped Qazlal.
Qazlal was exalted by your worship.
You were not hungry.

You visited 1 branch You collected 43 gold pieces.

Inventory:

Hand Weapons
 s - a +9 broad axe (weapon)
 v - a +2 morningstar of crushing
Missiles
 r - 35 stones (quivered)
Armour
 c - a +0 shield (worn)
 x - a +0 pair of gloves (worn)
 G - a +0 cloak of invisibility
 H - a +1 pair of boots (worn)
 I - +2 gold dragon scales
 J - a +5 plate armour (worn)
 K - a +1 helmet (worn)
 L - a +1 cloak of magic resistance (worn)
Jewellery
 a - a +3 ring of evasion
 b - a +3 ring of protection
 d - a +3 ring of strength
 l - an uncursed ring of magical power
 w - an uncursed amulet of guardian spirit
 y - the ring "Gagor" {*Drain +Inv EV+1 Int+3 Stlth+}
   (You took it off an orc in the Dungeon)

   [ring of evasion]

   It affects your evasion (+1).
   It affects your intelligence (+3).
   It lets you turn invisible.
   It causes draining when unequipped.
   It makes you more stealthy.
 z - an uncursed ring of positive energy
 M - an uncursed ring of see invisible
 N - the ring "Rib Yph" {rC- EV+2 Str+8 Int-2 SInv}
   (You found it in the Dungeon)

   [ring of evasion]

   It affects your evasion (+2).
   It affects your strength (+8).
   It affects your intelligence (-2).
   It makes you vulnerable to cold.
   It lets you see invisible.
Scrolls
 k - 3 scrolls of blinking
 m - 2 scrolls of identify
 o - 4 scrolls of remove curse
 p - 5 scrolls of amnesia
 q - a scroll of summoning
 A - 3 scrolls of fear
 B - 2 scrolls of enchant armour
 D - a scroll of fog
 E - 2 scrolls of enchant weapon
Potions
 e - 7 potions of curing
 g - a potion of heal wounds
 h - 2 potions of haste
 i - 2 potions of magic
 j - 6 potions of berserk rage
 n - a potion of invisibility
 t - 2 potions of might
 C - 2 potions of agility
 F - 2 potions of flight {unknown}
Comestibles
 f - 11 rations


   Skills:
 + Level 20.3 Fighting
 + Level 17.5 Axes
 + Level 20.3 Armour
 + Level 20.3 Shields
 + Level 19.9 Invocations


You had 14 spell levels left.
You didn't know any spells.
Your spell library contained the following spells:

 Spells                   Type           Power        Failure   Level  Hunger
 Animate Skeleton         Necr           N/A          89%         1    ##.....
 Pain                     Necr           #...         89%         1    ##.....
 Shock                    Conj/Air       #...         89%         1    ##.....
 Swiftness                Chrm/Air       #.......     96%         2    ###....
 Regeneration             Chrm/Necr      #.........   99%         3    ####...
 Static Discharge         Conj/Air       #.......     99%         3    ####...
 Vampiric Draining        Necr           #.........   99%         3    ####...
 Airstrike                Air            #.........   100%        4    #####..
 Animate Dead             Necr           N/A          100%        4    #####..
 Bolt of Magma            Conj/Fire/Erth #.........   100%        5    ######.
 Iskenderun's Battlesphe  Conj/Chrm      #.......     100%        5    ######.
 Lightning Bolt           Conj/Air       #.........   100%        5    ######.
 Venom Bolt               Conj/Pois      #.........   100%        5    ######.
 Iron Shot                Conj/Erth      #.........   100%        6    #######
 Orb of Destruction       Conj           #.........   100%        7    #######
 Spellforged Servitor     Conj/Summ      #.........   100%        7    #######


Dungeon Overview and Level Annotations

Branches:
Dungeon (1/1)

Altars:
Ashenzari
Cheibriados
Dithmenos
Elyvilon
Fedhas
Gozag
Hepliaklqana
Kikubaaqudgha
Makhleb
Nemelex Xobeh
Okawaru
Qazlal
Ru
Sif Muna
Trog
Uskayaw
Vehumet
Wu Jian
Xom
Yredelemnul
Zin
The Shining One
Beogh
Jiyva
Lugonu


Innate Abilities, Weirdness & Mutations

You are resistant to torment.
Your stone body is resilient. (AC +11)
You are immune to poison.
Your large and strong wings let you fly indefinitely.
You resist negative energy. (rN+)
You are resistant to electric shocks. (rElec)
You can survive without breathing.
You are immune to petrification.
You are immune to rotting.


Message History

Unknown command.
Unknown command.
Aiming: Upheaval
Press: ? - help, Dir - move target cursor, f/p - angel
Aim: an angel, wielding a +2 whip of holy wrath and wearing a +0 robe (severely wounded, encased in ice, haloed) Magma suddenly erupts from the ground!
The blast of magma engulfs the angel!!
The angel is almost dead.
Unknown command.
Unknown command.
Aiming: Upheaval
Press: ? - help, Dir - move target cursor, f/p - angel
Aim: an angel, wielding a +2 whip of holy wrath and wearing a +0 robe (almost dead, encased in ice, haloed) That beam is likely to hit you.
Continue anyway?
A blizzard blasts the area with ice!
The blast of ice hits the angel!!!
You kill the angel!
Qazlal accepts your kill. The blast of ice hits you!
You die...

.............)....#
)))........).[)..)#
.)##############))#
.)..#[[[.#..#[.#..#
....##''##[.#[[#..#
[.[.#....#.....#..#
.[###....####..#°.#
[..[........'..#.☼#
).)......####..#@.#
...####..#.....#..#
...#((#..#[[#[[#).#
..##(('..#[[#[[#.≈#
################[≈#
#≈≈# ))≈# #..##
##.:


There were no monsters in sight!

Vanquished Creatures
  Arachne (D)
  2 sphinxes (D)
  3 orc warlords (D)
  A deep elf sorcerer (D)
  A draconian shifter (D)
  An angel (D)
  A spriggan defender (D)
  4 ghouls (D)
  Nessos (D)
  2 deep elf annihilators (D)
  A black draconian (D)
  A dire elephant (D)
  A purple draconian (D)
  A white draconian (D)
  A red draconian (D)
  Josephine (D)
  3 deep elf high priests (D)
  3 ogre magi (D)
  Erolcha (D)
  2 hydras (D)
  3 vault guards (D)
  3 naga warriors (D)
  An ice dragon (D)
  A merfolk avatar (D)
  A centaur warrior (D)
  A two-headed ogre (D)
  A merfolk aquamancer (D)
  An alligator snapping turtle (D)
  A catoblepas (D)
  2 death knights (D)
  2 death yaks (D)
  An orc high priest (D)
  A sun demon (D)
  3 deep elf knights (D)
  Nergalle (D)
  A sixfirhy (D)
  An unseen horror (D)
  2 deep trolls (D)
  A spriggan druid (D)
  A flayed ghost (D)
  A lindwurm (D)
  10 orc knights (D)
  A deep elf mage (D)
  5 harpies (D)
  2 cyclopes (D)
  A wolf spider (D)
  2 elephants (D)
  A guardian serpent (D)
  2 naga magi (D)
  2 kobold demonologists (D)
  A komodo dragon (D)
  2 rime drakes (D)
  2 freezing wraiths (D)
  An ice devil (D)
  A red devil (D)
  2 merfolk (D)
  A troll (D)
  A hornet (D)
  2 polar bears (D)
  A bog body (D)
  A redback (D)
  A wyvern (D)
  2 tarantellas (D)
  4 yaks (D)
  2 spriggans (D)
  3 wraiths (D)
  2 water elementals (D)
  A golden eye (D)
  A neqoxec (D)
  Grum (D)
  A steam dragon (D)
  6 vampire mosquitoes (D)
  A naga (D)
  A porcupine (D)
  2 floating eyes (D)
  A swamp drake (D)
  2 phantoms (D)
  4 orc warriors (D)
  2 black bears (D)
  2 necrophages (D)
  2 crocodiles (D)
  3 wolves (D)
  3 big kobolds (D)
  An earth elemental (D)
  A gnoll sergeant (D)
  A crimson imp (D)
  An iron imp (D)
  3 orc wizards (D)
  3 gnolls (D)
  An adder (D)
  2 river rats (D)
  2 ufetubi (D)
  2 oozes (D)
  A leopard gecko (D)
  11 orcs (D)
  6 kobolds (D)
  A quokka (D)
  2 frilled lizards (D)
  A goblin (D)
  A leopard gecko zombie (D)
  A quokka skeleton (D)
  A quokka zombie (D)
  A rat (D)
  3 crawling corpses (D)
196 creatures vanquished.

Vanquished Creatures (others)
  A kobold (D)
1 creature vanquished.

Grand Total: 197 creatures vanquished

Notes
Turn   | Place    | Note
-------+----------+-------------------------------------------
     0 | D        | Groucho the Gargoyle Fighter began the quest for the Orb.
     0 | D        | Reached XP level 1. HP: 14/14 MP: 1/1
    48 | D        | Found a bloodstained altar of Trog.
    48 | D        | Found a shimmering blue altar of Sif Muna.
    48 | D        | Found a viscous altar of Jiyva.
    48 | D        | Found a hazy altar of Hepliaklqana.
    48 | D        | Found an opulent altar of Gozag.
    49 | D        | Found a glowing golden altar of the Shining One.
    49 | D        | Found a glowing silver altar of Zin.
    49 | D        | Found a basalt altar of Yredelemnul.
    49 | D        | Found a shimmering altar of Xom.
    49 | D        | Found an ornate altar of the Wu Jian Council.
    49 | D        | Found a sacrificial altar of Ru.
    49 | D        | Found a stormy altar of Qazlal.
    49 | D        | Found an iron altar of Okawaru.
    49 | D        | Found a sparkling altar of Nemelex Xobeh.
    49 | D        | Found a burning altar of Makhleb.
    49 | D        | Found a blossoming altar of Fedhas.
    49 | D        | Found a white marble altar of Elyvilon.
    49 | D        | Found a shadowy altar of Dithmenos.
    49 | D        | Found a snail-covered altar of Cheibriados.
    51 | D        | Found a radiant altar of Vehumet.
    51 | D        | Found a corrupted altar of Lugonu.
    51 | D        | Found a roughly hewn altar of Beogh.
    52 | D        | Found a hide-covered altar of Uskayaw.
    52 | D        | Found an ancient bone altar of Kikubaaqudgha.
    52 | D        | Found a shattered altar of Ashenzari.
    62 | D        | Became a worshipper of Qazlal Stormbringer
    89 | D        | Reached * piety under Qazlal
    89 | D        | Reached XP level 2. HP: 18/20 MP: 2/2
   104 | D        | Reached ** piety under Qazlal
   180 | D        | Reached XP level 3. HP: 24/24 MP: 3/3
   183 | D        | Noticed a gnoll sergeant
   193 | D        | Reached *** piety under Qazlal
   193 | D        | Reached skill level 5 in Fighting
   193 | D        | Reached skill level 5 in Armour
   193 | D        | Reached skill level 5 in Shields
   193 | D        | Reached XP level 4. HP: 31/31 MP: 3/5
   208 | D        | Killed a gnoll sergeant
   213 | D        | Reached XP level 5. HP: 33/36 MP: 5/7
   218 | D        | Reached **** piety under Qazlal
   273 | D        | Noticed a black bear
   285 | D        | Killed a black bear
   285 | D        | Reached skill level 5 in Axes
   285 | D        | Reached skill level 5 in Invocations
   285 | D        | Reached XP level 6. HP: 41/44 MP: 9/9
   288 | D        | Noticed a rime drake
   303 | D        | Killed a rime drake
   303 | D        | Reached XP level 7. HP: 40/49 MP: 9/11
   460 | D        | Reached ***** piety under Qazlal
   698 | D        | Noticed a tarantella
   700 | D        | Noticed a cyclops
   703 | D        | Killed a tarantella
   703 | D        | Reached XP level 8. HP: 42/56 MP: 4/13
   703 | D        | Killed a cyclops
   825 | D        | Noticed an ice devil
   830 | D        | Reached skill level 10 in Fighting
   830 | D        | Reached skill level 10 in Armour
   830 | D        | Reached skill level 10 in Shields
   832 | D        | Noticed a freezing wraith
   833 | D        | Reached XP level 9. HP: 59/62 MP: 15/15
   837 | D        | Noticed Grum
   837 | D        | Noticed a deep troll
   841 | D        | Killed a freezing wraith
   842 | D        | Noticed a two-headed ogre
   845 | D        | Killed a deep troll
   845 | D        | Reached skill level 10 in Invocations
   848 | D        | Killed Grum
   848 | D        | Reached ****** piety under Qazlal
   848 | D        | Killed an ice devil
   853 | D        | Killed a two-headed ogre
   853 | D        | Reached XP level 10. HP: 39/71 MP: 16/18
   854 | D        | Reached skill level 10 in Axes
   855 | D        | Noticed Josephine
   865 | D        | Killed Josephine
  1219 | D        | Noticed a death yak
  1219 | D        | Noticed an orc high priest
  1222 | D        | Killed an orc high priest
  1230 | D        | Killed a death yak
  1230 | D        | Reached XP level 11. HP: 64/78 MP: 3/20
  1260 | D        | Noticed a merfolk avatar
  1263 | D        | Noticed a sixfirhy
  1264 | D        | Noticed Erolcha
  1268 | D        | Killed a sixfirhy
  1271 | D        | Noticed a spriggan druid
  1272 | D        | Killed Erolcha
  1277 | D        | Killed a merfolk avatar
  1298 | D        | Killed a spriggan druid
  1304 | D        | Noticed a cyclops
  1325 | D        | Noticed a harpy
  1326 | D        | Noticed a deep troll
  1327 | D        | Noticed a harpy
  1328 | D        | Noticed a harpy
  1331 | D        | Noticed a harpy
  1332 | D        | Killed a cyclops
  1334 | D        | Noticed a harpy
  1336 | D        | Killed a harpy
  1342 | D        | Killed a harpy
  1345 | D        | Killed a harpy
  1345 | D        | Reached XP level 12. HP: 22/86 MP: 10/22
  1899 | D        | Reached skill level 15 in Armour
  1899 | D        | Reached skill level 15 in Shields
  1900 | D        | Reached skill level 15 in Fighting
  1906 | D        | Noticed Nessos
  1908 | D        | Noticed a merfolk aquamancer
  1910 | D        | Killed Nessos
  1925 | D        | Killed a merfolk aquamancer
  2266 | D        | Noticed a death yak
  2273 | D        | Killed a death yak
  2273 | D        | Reached skill level 15 in Invocations
  2349 | D        | Noticed Nergalle
  2354 | D        | Killed Nergalle
  2653 | D        | Noticed a death knight
  2654 | D        | Noticed a six-headed hydra
  2654 | D        | Noticed an orc warlord
  2654 | D        | Noticed an orc warlord
  2660 | D        | Killed a death knight
  2660 | D        | Reached XP level 13. HP: 62/93 MP: 24/24
  2662 | D        | Noticed a vault guard
  2664 | D        | Killed an orc warlord
  2664 | D        | Killed an orc warlord
  2681 | D        | Noticed a vault guard
  2682 | D        | Killed a vault guard
  2683 | D        | Killed a vault guard
  2687 | D        | Noticed a ghoul
  2688 | D        | Noticed a ghoul
  2727 | D        | Killed a ghoul
  2727 | D        | Reached skill level 15 in Axes
  2734 | D        | Killed a ghoul
  2735 | D        | Noticed a ghoul
  2771 | D        | Killed a ghoul
  2778 | D        | Gained mutation: Your large and strong wings let you fly
                  | indefinitely. [Gargoyle growth]
  2778 | D        | Reached XP level 14. HP: 44/103 MP: 21/26
  3272 | D        | Found the +10 dark maul {crush}
  3424 | D        | Noticed a ghoul
  3439 | D        | Killed a ghoul
  3450 | D        | Noticed a deep elf annihilator
  3465 | D        | Killed a deep elf annihilator
  3513 | D        | Got the ring "Gagor" {*Drain +Inv EV+1 Int+3 Stlth+}
  3515 | D        | Found the amulet of the Air {Inacc +Fly rElec EV+5 RMsl}
  3618 | D        | Noticed Arachne
  3619 | D        | Noticed a dire elephant
  3619 | D        | Noticed an orc warlord
  3622 | D        | Killed an orc warlord
  3630 | D        | Killed a dire elephant
  3640 | D        | Killed Arachne
  3654 | D        | Got the ring "Rib Yph" {rC- EV+2 Str+8 Int-2 SInv}
  3773 | D        | Noticed a deep elf sorcerer
  3775 | D        | Noticed a red draconian
  3776 | D        | Killed a deep elf sorcerer
  3777 | D        | Noticed a purple draconian
  3782 | D        | Killed a purple draconian
  3783 | D        | Killed a red draconian
  3783 | D        | Noticed a white draconian shifter
  3784 | D        | Noticed a sphinx
  3802 | D        | Killed a sphinx
  3818 | D        | Killed a white draconian shifter
  3818 | D        | Reached XP level 15. HP: 64/112 MP: 7/28
  4119 | D        | HP: 1/112 [deep elf annihilator/crystal spear (69)]
  4128 | D        | Noticed a sphinx
  4130 | D        | Noticed an angel
  4132 | D        | Killed a sphinx
  4135 | D        | Killed an angel
  4135 | D        | Shot themself with a blast of ice

Levels and vault maps discovered:
D:        pitsprint [storerooms_1, entrance_room_1, metal_vault_5, armoury_1,
          mini_pit_1, grid_room_1, main_hall_1, silver_pit, the_coven_3,
          the_vestibule_1, steel_vault_4, golden_pit, hallway_of_sentries,
          crystal_vault_2, iron_vault_4, final_vault]

Skill      XL: |  1  2  3  4  5  6  7  8  9 10 11 12 13 14 15 |
---------------+----------------------------------------------+-----
Axes           | 2 3 4 5 6 7 8 9 11 12 13 15 16 17 | 17.5
Fighting       | 4 5 7 8 9 10 11 13 14 16 17 19 20 | 20.3
Armour         | 4 5 7 8 9 10 11 13 14 16 17 19 20 | 20.3
Shields        | 4 5 7 8 9 10 11 13 14 16 17 19 20 | 20.3
Invocations    | 2 3 5 6 7 9 11 12 13 15 17 19 | 19.9

Action                   |  1- 3 |  4- 6 |  7- 9 | 10-12 | 13-15 || total
-------------------------+-------+-------+-------+-------+-------++-------
Melee: Hand axe          |    37 |    71 |    32 |       |       ||   140
       War axe           |     4 |       |    20 |   150 |    87 ||   261
       Broad axe         |       |       |       |       |   132 ||   132
Invok: Upheaval          |       |       |     8 |    21 |    29 ||    58
       Disaster Area     |       |       |       |       |     3 ||     3
  Use: Potion            |     1 |     2 |     3 |     2 |    12 ||    20
       Scroll            |       |       |       |       |     1 ||     1
 Stab: Invisible         |     2 |     1 |       |       |       ||     3
  Eat: Ration            |       |       |       |     2 |     1 ||     3
       Chunk             |       |       |       |       |     2 ||     2
Armor: Scale mail        |    12 |       |       |       |       ||    12
       Plate armour      |     8 |    40 |    55 |   123 |   157 ||   383
Dodge: Dodged            |     8 |    12 |    14 |    54 |    45 ||   133
       Deflected         |       |       |       |       |     2 ||     2
Block: Shield            |    19 |    61 |    76 |   235 |   233 ||   624
